 Dungeon Crawl Stone Soup version 0.30-a0-159-g068b764562 (webtiles) character file.

Game seed: 17065924620924547841

2413 bande the Shield-Bearer (level 9, -5/54 HPs)
             Began as a Gargoyle Fighter on Sept 27, 2022.
             Was a Priest of Okawaru.
             Slain by Prince Ribbit (8 damage)
             ... on level 7 of the Dungeon.
             The game lasted 00:11:04 (7193 turns).

bande the Shield-Bearer (Gargoyle Fighter)          Turns: 7193, Time: 00:11:05

Health: -5/54      AC: 14    Str: 19    XL:     9   Next: 47%
Magic:  12/12      EV:  4    Int: 10    God:    Okawaru [***...]
Gold:   303        SH: 15    Dex: 13    Spells: 7/8 levels left

rFire   . . .      SeeInvis .    a - +1 war axe
rCold   + . .      Faith    .    i - +1 tower shield
rNeg    + . .      Spirit   .    c - +0 chain mail
rPois   ∞          Reflect  .    (helmet restricted)
rElec   +          Harm     .    p - +0 cloak {Stlth+}
rCorr   +          Rampage  .    t - +0 pair of gloves
Will    .....                    (no boots)
Stlth   ..........               (no amulet)
HPRegen 0.18/turn                g - ring of protection from cold
MPRegen 0.13/turn                s - ring of resist corrosion

@: no status effects
A: sickness immunity, AC +6, negative energy resistance 1, electricity
resistance, torment resistance 1, petrification resistance, hooves 1, horns 1,
deformed body
a: Renounce Religion, Heroism


You were on level 7 of the Dungeon.
You worshipped Okawaru.
Okawaru was most pleased with you.
You visited 2 branches of the dungeon, and saw 8 of its levels.

You collected 303 gold pieces.

Inventory:

Hand Weapons
 a - a +1 war axe (weapon)
 m - a +0 flail
 x - a +1 long sword of flaming
Armour
 c - a +0 chain mail (worn)
 i - a +1 tower shield (worn)
 k - a +0 helmet
 p - a +0 cloak of stealth (worn)
 t - a +0 pair of gloves (worn)
Jewellery
 e - an amulet of the acrobat
 g - a ring of protection from cold (left hand)
 o - a +6 ring of intelligence
 r - a +6 ring of strength
 s - a ring of resist corrosion (right hand)
Wands
 u - a wand of flame (19)
 w - a wand of light (1)
 y - a wand of iceblast (9)
Scrolls
 j - 3 scrolls of enchant weapon
 n - a scroll of enchant armour
 B - a scroll of identify
 C - a scroll of poison {unknown}
Potions
 b - 2 potions of invisibility
 d - a potion of might
 f - a potion of lignification {unknown}
 h - 2 potions of resistance {unknown}
 l - 3 potions of curing
 q - 2 potions of heal wounds {unknown}
 v - a potion of magic {unknown}
 z - a potion of berserk rage {unknown}
 A - a potion of haste {unknown}


   Skills:
 + Level 5.2 Fighting
 + Level 6.4 Axes
 + Level 5.6 Armour
 + Level 7.0 Shields
 * Level 3.0 Translocations
 * Level 4.4 Invocations
 * Level 3.1 Evocations


You had 7 spell levels left.
You knew the following spells:

 Your Spells              Type           Power      Damage    Failure   Level
a - Apportation           Tloc           12%        N/A       100%        1

Your spell library contained the following spells:

 Spells                   Type           Power      Damage    Failure   Level
 Necrotise                Necr           0%         1d4       100%        1
 Sandblast                Erth           0%         2d4       100%        1
 Shock                    Conj/Air       0%         1d3       100%        1
 Passwall                 Tmut/Erth      0%         N/A       100%        2
 Gell's Gravitas          Tloc           6%         N/A       100%        3
 Stone Arrow              Conj/Erth      0%         3d7       100%        3
 Swiftness                Air            0%         N/A       100%        3
 Teleport Other           Tloc           6%         N/A       100%        3
 Vampiric Draining        Necr           0%         2d6       100%        3
 Airstrike                Air            0%         2d(0-16)  100%        4
 Agony                    Necr           0%         N/A       100%        5
 Alistair's Intoxication  Tmut/Pois      0%         N/A       100%        5
 Lightning Bolt           Conj/Air       0%         1d11      100%        5
 Dispersal                Tloc           3%         N/A       100%        6
 Summon Lightning Spire   Summ/Air       Unusable   N/A       N/A         4

Dungeon Overview and Level Annotations

Branches:
Dungeon (7/15)             Temple (1/1) D:4

Altars:
Cheibriados
Fedhas
Kikubaaqudgha
Nemelex Xobeh
Okawaru
Ru
Trog
The Shining One

Annotations:
D:7 Prince Ribbit


Innate Abilities, Weirdness & Mutations

You are immune to sickness and miasma.
Your stone body is resilient. (AC +6)
You are immune to poison.
You resist negative energy. (rN+)
You are resistant to electric shocks. (rElec)
You are resistant to unholy torment.
You are immune to petrification.
You have large cloven feet.
You have a pair of small horns on your head.
Armour fits poorly on your strangely shaped body.


Message History

Your Shields skill increases to level 7!
You closely miss something. You kick something.
Something hits you but does no damage.
You hit something but do no damage.
Something hits you but does no damage. x2
You barely miss something. Your kick misses something.
Your headbutt misses something. You barely miss Prince Ribbit.
You block Prince Ribbit's attack. You block something's attack.
Prince Ribbit hits you.
You hit something. Your kick misses something. You slash Prince Ribbit!
You block Prince Ribbit's attack. Something hits you but does no damage.
You block Prince Ribbit's attack. Something hits you but does no damage.
You closely miss something. Your kick misses something.
Your headbutt misses something. You miss Prince Ribbit.
You block Prince Ribbit's attack. Something hits you but does no damage.
Prince Ribbit hits you but does no damage.
Unknown command.
You closely miss something. Your kick misses something.
Your headbutt misses something. You barely miss Prince Ribbit.
Prince Ribbit hits you. You block something's attack. Prince Ribbit hits you!
* * * LOW HITPOINT WARNING * * *
Something hits you but does no damage.
Unknown command.
You slash something! Your kick misses something.
Your headbutt misses something. You barely miss Prince Ribbit.
Prince Ribbit hits you!
* * * LOW HITPOINT WARNING * * *
You block Prince Ribbit's attack.
A sky beast appears from thin air!
Reactivating autopickup.
The sky beast hits you.
* * * LOW HITPOINT WARNING * * *
The sky beast shocks you. You resist.
* * * LOW HITPOINT WARNING * * *
You closely miss the sky beast. You kick the sky beast.
The sky beast is almost dead.
You hit Prince Ribbit.
Prince Ribbit hits you but does no damage.
You block the sky beast's attack.
Prince Ribbit hops awkwardly around.
Prince Ribbit hits you!
You die...

**,*,...#*#...,,,.#.**#.,,,,,,*
*
***,....##...,**..,.#..,,,,,,***
*,,,.........***..,....,,,,,,,*,
**,,........###*.#.....,,,,,,,,,
**,*#......F.#*.#.....*,,,,,***
**##.......###....##*,,,,,,*
#.......)##......#.,,,,,,*
###.......§)........,,,,,** *
#.......##.Y@..#....,,,,*****
#......###§F.#....##,,,,,**,,
##..))[..#...###...#,,,,,,,*,,
#...#.)......#**...##...,,,*,*
##............#*,.......,,,,,,
##...............,......,**,,,
##......................#***,,,
#............#..........#**,,,,
##..##..........####......,*,,,,


You could see Prince Ribbit and a sky beast.

Vanquished Creatures
  Maggie (D:6)
  Eustachio (D:6)
  A steam dragon (D:7)
  Menkaure (D:6)
  2 black bears (D:4)
  2 ice beasts
  An ogre (D:7)
  A kobold brigand (D:7)
  2 necrophages
  2 scorpions
  5 wights (D:7)
  2 howler monkeys (D:7)
  4 hounds
  Crazy Yiuf (D:3)
  5 jellies
  An orc priest (D:5)
  Terence (D:2)
  4 iguanas
  2 orc wizards
  5 adders
  2 shadow imps
  A worm (D:2)
  2 dart slugs (D:1)
  12 orcs
  8 ball pythons
  7 endoplasms
  A giant cockroach (D:3)
  6 hobgoblins
  12 jackals
  15 kobolds
  3 quokkas
  7 bats
  5 frilled lizards
  5 goblins
  3 rats
133 creatures vanquished.

Vanquished Creatures (others)
  A human (D:3)
1 creature vanquished.

Grand Total: 134 creatures vanquished

Notes
Turn   | Place    | Note
-------+----------+-------------------------------------------
     0 | D:1      | bande the Gargoyle Fighter began the quest for the Orb.
     0 | D:1      | Reached XP level 1. HP: 14/14 MP: 1/1
   124 | D:1      | Reached XP level 2. HP: 19/19 MP: 2/2
   529 | D:1      | Reached XP level 3. HP: 23/23 MP: 3/3
   534 | D:1      | Found a faded altar of an unknown god.
  1118 | D:2      | Noticed Terence
  1131 | D:2      | Killed Terence
  1132 | D:2      | Reached XP level 4. HP: 10/29 MP: 4/4
  1718 | D:3      | Reached skill level 4 in Shields
  1775 | D:3      | Found a glowing golden altar of the Shining One.
  1950 | D:3      | Found an ancient bone altar of Kikubaaqudgha.
  1982 | D:3      | Noticed a human
  1985 | D:3      | Killed a human
  2017 | D:3      | Found a runed translucent door.
  2018 | D:3      | Noticed Crazy Yiuf
  2221 | D:3      | Reached XP level 5. HP: 30/33 MP: 5/5
  2407 | D:3      | Killed Crazy Yiuf
  2638 | D:4      | Identified the +4 scale mail "Rethassa" {rC- Dex+6}
  2654 | D:4      | Found a staircase to the Ecumenical Temple.
  2686 | D:4      | Reached XP level 6. HP: 29/38 MP: 6/6
  2696 | Temple   | Entered the Ecumenical Temple
  2704 | Temple   | Became a worshipper of Warmaster Okawaru
  2917 | D:4      | Noticed a black bear
  2931 | D:4      | Killed a black bear
  2932 | D:4      | Reached skill level 1 in Invocations
  3071 | D:4      | Noticed a black bear
  3072 | D:4      | Found a bloodstained altar of Trog.
  3078 | D:4      | Killed a black bear
  3079 | D:4      | Reached skill level 5 in Shields
  3079 | D:4      | Reached XP level 7. HP: 44/44 MP: 6/8
  3340 | D:4      | Reached * piety under Okawaru
  3654 | D:5      | Entered Level 5 of the Dungeon
  4414 | D:5      | Learned a level 1 spell: Apportation
  4866 | D:6      | Reached skill level 5 in Armour
  4908 | D:6      | Reached skill level 1 in Evocations
  4908 | D:6      | Reached XP level 8. HP: 39/48 MP: 9/9
  4994 | D:6      | Noticed Maggie
  5013 | D:6      | Killed Maggie
  5013 | D:6      | Reached ** piety under Okawaru
  5014 | D:6      | Reached skill level 5 in Axes
  5014 | D:6      | Reached skill level 1 in Translocations
  5183 | D:6      | Found a sacrificial altar of Ru.
  5195 | D:6      | Reached skill level 6 in Shields
  5265 | D:6      | Noticed Menkaure
  5277 | D:6      | Killed Menkaure
  5673 | D:6      | Reached skill level 5 in Fighting
  5808 | D:6      | Noticed Eustachio
  5842 | D:6      | Killed Eustachio
  5843 | D:6      | Reached XP level 9. HP: 49/54 MP: 11/11
  6093 | D:6      | Noticed a manticore
  6335 | D:7      | Reached *** piety under Okawaru
  6592 | D:7      | Gained mutation: Your body sometimes deteriorates upon
                  | taking damage. [potion of mutation]
  6592 | D:7      | Gained mutation: You possess an exceptional clarity of
                  | mind. [potion of mutation]
  6592 | D:7      | Gained mutation: You have a pair of small horns on your
                  | head. [potion of mutation]
  6593 | D:7      | Lost mutation: You possess an exceptional clarity of mind.
                  | [potion of mutation]
  6593 | D:7      | Lost mutation: Your body sometimes deteriorates upon taking
                  | damage. [potion of mutation]
  6593 | D:7      | Gained mutation: Armour fits poorly on your strangely
                  | shaped body. [potion of mutation]
  6593 | D:7      | Gained mutation: You expend magic power (3 MP) to
                  | strengthen your wands. [potion of mutation]
  6593 | D:7      | Gained mutation: You have a pair of horns on your head.
                  | [potion of mutation]
  6594 | D:7      | Lost mutation: You expend magic power (3 MP) to strengthen
                  | your wands. [potion of mutation]
  6594 | D:7      | Lost mutation: You have a pair of horns on your head.
                  | [potion of mutation]
  6594 | D:7      | Lost mutation: You have a pair of small horns on your head.
                  | [potion of mutation]
  6594 | D:7      | Gained mutation: You have large cloven feet. [potion of
                  | mutation]
  6594 | D:7      | Gained mutation: You have a pair of small horns on your
                  | head. [potion of mutation]
  7170 | D:7      | Noticed Prince Ribbit
  7186 | D:7      | Reached skill level 7 in Shields
  7192 | D:7      | HP: 2/54 [sky beast (1)]
  7193 | D:7      | Slain by Prince Ribbit

Illustrated notes

Levels and vault maps discovered:
D:1:      lordsloth_arrival_two_stooges, layout_basic,
          hellmonk_ecumenical_altar_pennies_from_heaven
D:2:      layout_loops_ring, uniq_terence
D:3:      layout_loops_cross, tgw_kikubaaqudgha, overflow_temple_1_default,
          uniq_crazy_yiuf_cottage
D:4:      layout_gridville, trog_ov_bears_minmay, minmay_temple_entry_grid
D:5:      layout_basic, grunt_ministairs_14
D:6:      layout_loops_cross, hangedman_ru_absence, lightli_corner_chamber,
          uniq_maggie, uniq_menkaure, uniq_eustachio
D:7:      layout_cave_pools, chequers_decorated_corner, grunt_ministairs_11,
          wad_floor_pattern_untrapped, uniq_prince_ribbit1
Temple:   nicolae_temple_bog_church

Skill      XL: |  1  2  3  4  5  6  7  8  9 |
---------------+----------------------------+-----
Axes           | 2 3 4 5 6 |  6.4
Shields        | 4 5 6 7 |  7.0
Armour         | 4 5 |  5.6
Fighting       | 4 5 |  5.2
Invocations    | 1 2 3 4 |  4.4
Evocations     | 1 2 3 |  3.1
Translocations | 2 3 |  3.0

Action                   |  1- 3 |  4- 6 |  7- 9 || total
-------------------------+-------+-------+-------++-------
Melee: War axe           |   124 |   147 |   272 ||   543
       Kick              |       |       |    11 ||    11
       Headbutt          |       |       |     6 ||     6
  Use: Scroll            |     1 |     1 |    10 ||    12
       Potion            |       |       |     3 ||     3
Armor: Scale mail        |    18 |       |       ||    18
       Chain mail        |    70 |   137 |   177 ||   384
Dodge: Dodged            |    17 |    16 |    40 ||    73
Block: Buckler           |     6 |       |       ||     6
       Tower shield      |    74 |   140 |   250 ||   464

Table legend: (Time is in decaauts)
 A = Elapsed time spent in this place.
 B = Non-inter-level travel time spent in this place.
 C = Inter-level travel time spent in this place.
 D = Time resting spent in this place.
 E = Time spent auto-exploring this place.
 F = Levels seen in this place.
 G = Mean time per level.
                   A        B        C        D        E       F      G
               +--------+--------+--------+--------+--------+-----+--------+
         Total |   7545 |   7301 |    244 |   1243 |   4523 |   8 |  943.1 |
       Dungeon |   7528 |   7298 |    230 |   1243 |   4523 |   7 | 1075.4 |
        Temple |     16 |      2 |     14 |      0 |      0 |   1 |   16.0 |
               +--------+--------+--------+--------+--------+-----+--------+

Top non-repeatable levels by time:
     D:6: 1731 daAuts
     D:4: 1218 daAuts
     D:5: 1212 daAuts
     D:2: 984 daAuts
     D:3: 876 daAuts
     D:1: 763 daAuts
     D:7: 743 daAuts
  Temple: 16 daAuts
